 Dungeon Crawl Stone Soup version 0.23.0-2-g0fe3ce5 (webtiles) character file.

Game seed: 3838150236322281672

686 redwoodhats the Ducker (level 7, 0/37 HPs)
             Began as a Spriggan Berserker on Feb 19, 2019.
             Was a Priest of Trog.
             Shot with an arrow by a centaur (12 damage)
             ... on level 5 of the Dungeon.
             The game lasted 00:28:12 (4988 turns).

redwoodhats the Ducker (Spriggan Berserker)         Turns: 4988, Time: 00:28:13

Health: 0/37       AC:  5    Str: 12 (13) XL:     7   Next: 35%
Magic:  8/8        EV: 22    Int:  6 (8)  God:    Trog [***...]
Gold:   168        SH:  0    Dex: 16 (18) Spells: 6/6 levels left

rFire    x . .     SeeInvis +   o - +4 dagger
rCold    + + .     Gourm    .   (shield restricted)
rNeg     . . .     Faith    .   b - +1 animal skin
rPois    .         Spirit   .   (helmet restricted)
rElec    .         Reflect  .   (no cloak)
rCorr    .         Harm     .   (gloves unavailable)
MR       +++..                  (boots unavailable)
Stlth    +++.......             A - amulet of regeneration
HPRegen  1.52/turn              i - ring of ice
MPRegen  0.11/turn              r - ring of protection from cold

@: berserk cooldown, very slightly contaminated, regenerating, slowed, quick
A: very small, unfitting armour, molten scales 1, see invisible, deterioration
1, herbivore, speed 3, slow metabolism 2
a: Berserk, Trog's Hand, Renounce Religion


You were on level 5 of the Dungeon.
You worshipped Trog.
Trog was most pleased with you.
You were very hungry.

You visited 1 branch of the dungeon, and saw 5 of its levels.

You collected 168 gold pieces.

Inventory:

Hand Weapons
 a - a +0 short sword
 d - a +1 spear of freezing
 f - a +0 hunting sling
 h - a +0 hunting sling
 k - a +2 short sword of draining
 o - a +4 dagger (weapon)
 x - a +0 shortbow
Missiles
 m - 38 sling bullets
 t - 5 silver tomahawks (quivered)
 u - 8 silver javelins
 y - 19 arrows
Armour
 b - a +1 animal skin (worn)
Magical Staves
 z - an uncursed staff of cold
Jewellery
 i - a ring of ice (left hand)
 l - an uncursed ring of wizardry
 r - a ring of protection from cold (right hand)
 v - a cursed ring of teleportation
 A - an amulet of regeneration (around neck)
Wands
 p - a wand of polymorph (10)
 w - a wand of flame (35)
Scrolls
 n - 4 scrolls of identify
Potions
 g - a potion of brilliance
 j - a potion of lignification
 s - a potion of berserk rage
 B - a potion of degeneration
Comestibles
 c - 3 rations


   Skills:
 + Level 3.8 Fighting
 + Level 5.5 Short Blades
 + Level 1.0 Polearms
 + Level 1.7(2.3) Slings
 + Level 0.6 Bows
 + Level 1.8(2.1) Throwing
 + Level 6.9 Dodging
 + Level 4.6 Stealth


You had 6 spell levels left.
You didn't know any spells.
Your spell library contained the following spells:

 Spells                   Type           Power        Failure   Level  Hunger
 Summon Small Mammal      Summ           #...         45%         1    ##.....
 Call Imp                 Summ           #.......     58%         2    ###....
 Swiftness                Chrm/Air       #.......     58%         2    ###....
 Call Canine Familiar     Summ           #.......     83%         3    ####...
 Summon Guardian Golem    Hex/Summ       #.......     83%         3    ####...
 Summon Ice Beast         Ice/Summ       #.......     99%         4    #####..
 Summon Lightning Spire   Summ/Air       #.......     99%         4    #####..


Dungeon Overview and Level Annotations

Branches:
Dungeon (5/15)
 Temple: D:4-7

Altars:

Shops:
D:4 }


Innate Abilities, Weirdness & Mutations

You are very small and have problems with some larger weapons.
You are too small for most types of armour.
You have supernaturally acute eyesight. (SInv)
You are a herbivore.
You cover ground extremely quickly.
You need to consume almost no food.
You are partially covered in molten scales. (AC +2)
Your body sometimes deteriorates upon taking damage.


Message History

The slave hits you but does no damage.
You're still recovering from your berserk rage.
Blink to where?
Press: ? - help, Dir - move target cursor You are very lightly contaminated with residual magic.
As you read the scroll of blinking, it crumbles to dust.
The centaur wields a +0 shortbow.
The centaur shoots an arrow.
The arrow hits you but does no damage.
As you read the scroll labeled HEOCHOEFIN, it crumbles to dust.
Your body is wracked with pain!
* * * LOW HITPOINT WARNING * * *
The centaur convulses!
It was a scroll of torment.
The centaur shoots an arrow.
The arrow hits you.
* * * LOW HITPOINT WARNING * * *
The centaur shoots an arrow.
The arrow misses you.
You feel the effects of Trog's Hand fading.
The centaur shoots an arrow.
The arrow barely misses you.
You see here an arrow.
The centaur shoots an arrow.
The arrow hits you!
You die...

##[p........#.##........#
#c##########.##........#
#.# #.########### #.# #.#
#.# #.# #.# #.# #.# #.#
#c##########.#
#.(....(@....#
############.# #.# ###


You could see a centaur.

Vanquished Creatures
  A slave (D:5)
  2 ogres (D:4)
  A centaur (D:5)
  A scorpion (D:4)
  A quasit (D:5)
  An orc priest (D:5)
  A hound (D:4)
  An orc wizard (D:5)
  Jessica (D:3)
  An iguana (D:5)
  A worker ant (D:4)
  4 gnolls (D:4)
  5 adders
  2 shadow imps (D:5)
  A worm (D:5)
  3 dart slugs (D:2)
  3 leopard geckos
  4 orcs (D:5)
  2 ball pythons
  5 giant cockroaches
  12 goblins
  5 hobgoblins
  6 jackals
  3 quokkas
  8 bats
  9 frilled lizards
  3 kobolds
  5 rats
92 creatures vanquished.

Notes
Turn   | Place    | Note
-------+----------+-------------------------------------------
     0 | D:1      | redwoodhats the Spriggan Berserker began the quest for the
                  | Orb.
     0 | D:1      | Reached XP level 1. HP: 11/11 MP: 2/2
   545 | D:1      | Reached XP level 2. HP: 16/16 MP: 3/3
  1195 | D:1      | Reached ** piety under Trog
  1557 | D:2      | Reached XP level 3. HP: 13/19 MP: 4/4
  1570 | D:2      | Reached skill level 5 in Dodging
  2115 | D:3      | Reached skill level 1 in Stealth
  2132 | D:3      | Reached XP level 4. HP: 23/24 MP: 5/5
  2593 | D:3      | Noticed Jessica
  2651 | D:3      | Killed Jessica
  2658 | D:3      | Identified Jessica's Compendium of Self-Improvement
  2797 | D:3      | Reached skill level 6 in Dodging
  2938 | D:4      | Noticed an ogre
  2976 | D:4      | Reached XP level 5. HP: 26/28 MP: 6/6
  3038 | D:4      | Reached skill level 1 in Slings
  3083 | D:4      | Found Juca's Gadget Shop.
  3292 | D:4      | Reached *** piety under Trog
  3350 | D:4      | Reached skill level 1 in Polearms
  3414 | D:4      | Killed an ogre
  3414 | D:4      | Reached XP level 6. HP: 32/32 MP: 7/7
  3996 | D:4      | Reached skill level 1 in Throwing
  4002 | D:4      | Reached skill level 5 in Short Blades
  4055 | D:4      | Gained mutation: You are dopey. (Int -2) [potion of
                  | mutation]
  4055 | D:4      | Gained mutation: You have a pair of small antennae on your
                  | head. [potion of mutation]
  4056 | D:4      | Lost mutation: You have a pair of small antennae on your
                  | head. [potion of mutation]
  4056 | D:4      | Lost mutation: You are dopey. (Int -2) [potion of mutation]
  4056 | D:4      | Gained mutation: Your body sometimes deteriorates upon
                  | taking damage. [potion of mutation]
  4056 | D:4      | Gained mutation: You are partially covered in molten
                  | scales. (AC +2) [potion of mutation]
  4109 | D:5      | Entered Level 5 of the Dungeon
  4126 | D:5      | Noticed a slave
  4153 | D:5      | Reached XP level 7. HP: 36/37 MP: 8/8
  4966 | D:5      | HP: 1/55 [centaur/arrow (12)]
  4988 | D:5      | Shot with an arrow by a centaur

Skill      XL: |  1  2  3  4  5  6 |
---------------+-------------------+-----
Dodging        | 5 6 |  6.9
Fighting       | 3 |  3.8
Stealth        | 1 2 3 4 |  4.6
Slings         | 1 |  1.7
Short Blades   | 4 5 |  5.5
Polearms       | 1 |  1.0
Throwing       | 1 |  1.8
Bows           | |  0.6

Action                   |  1- 3 |  4- 6 |  7- 9 || total
-------------------------+-------+-------+-------++-------
Melee: Short sword       |    21 |       |       ||    21
       Spear             |   100 |       |       ||   100
       Dagger            |    12 |   126 |    75 ||   213
 Fire: Hunting sling     |     7 |     4 |       ||    11
       Shortbow          |       |       |    10 ||    10
Throw: Throwing net      |     1 |     2 |       ||     3
       Tomahawk          |       |    10 |     5 ||    15
Invok: Berserk           |     3 |     4 |     1 ||     8
       Trog's Hand       |     2 |       |     1 ||     3
  Use: Scroll            |     6 |     8 |     5 ||    19
       Potion            |     2 |     7 |     1 ||    10
 Stab: Sleeping          |     2 |     2 |     1 ||     5
       Held in net/web   |     1 |     2 |       ||     3
  Eat: Ration            |     1 |     3 |       ||     4
Armor: Animal skin       |    13 |     4 |     6 ||    23
Dodge: Dodged            |   122 |   108 |    89 ||   319
